 Dungeon Crawl Stone Soup version 0.30-a0-368-g86fb4627a9 (webtiles) character file.

Game seed: 8973530565673574712

30 quinnr the Firebug (level 3, -1/28 HPs)
             Began as a Naga Fire Elementalist on Nov 16, 2022.
             Slain by an orc
             ... wielding a +0 hand axe
              (6 damage)
             ... on level 2 of the Dungeon on Nov 18, 2022.
             The game lasted 00:04:40 (1725 turns).

quinnr the Firebug (Naga Fire Elementalist)         Turns: 1725, Time: 00:04:41

Health: -1/28      AC:  2    Str: 10    XL:     3   Next: 18%
Magic:  1/6        EV:  9    Int: 17    God:
Gold:   22         SH:  0    Dex: 11    Spells: 3/6 levels left

rFire   . . .      SeeInvis +    (no weapon)
rCold   . . .      Faith    .    (no shield)
rNeg    . . .      Spirit   .    a - +0 robe
rPois   +          Reflect  .    (no helmet)
rElec   .          Harm     .    (no cloak)
rCorr   .          Rampage  .    (no gloves)
Will    .....                    (no barding)
Stlth   ++........               (no amulet)
HPRegen 0.24/turn                (no ring)
MPRegen 0.10/turn                (no ring)

@: very slow
A: AC +1, large, see invisible, deformed body, poison resistance, slowness 2,
spit poison 1, naga tail 1
a: Spit Poison


You were on level 2 of the Dungeon.
You visited 1 branch of the dungeon, and saw 2 of its levels.

You collected 22 gold pieces.


Innate Abilities, Weirdness & Mutations

Your serpentine skin is tough. (AC +1)
You have supernaturally acute eyesight. (SInv)
Armour fits poorly on your strangely shaped body.
Your system is resistant to poisons. (rPois)
You cover ground very slowly.
You can spit poison.
You have a snake-like lower body.


   Skills:
 - Level 1.5 Dodging
 - Level 3.0 Stealth
 - Level 2.0 Spellcasting
 - Level 1.0 Conjurations
 * Level 4.2 Fire Magic


You had 3 spell levels left.
You knew the following spells:

 Your Spells              Type           Power      Damage    Failure   Level
f - Foxfire               Conj/Fire      40%        2x1d6     7%          1
X - Scorch                Fire           32%        2d7       4%          2

Your spell library contained the following spells:

 Spells                   Type           Power      Damage    Failure   Level
 Inner Flame              Hex/Fire       8%         N/A       24%         3
 Kindle Blastsparks       Fire/Tloc/Air  12%        2d11      32%         3
 Flame Wave               Conj/Fire      10%        2d6       54%         4

Inventory:

Armour
 a - a +0 robe (worn)
Scrolls
 c - a scroll of identify {unknown}
 f - a scroll of amnesia {unknown}
 i - a scroll of magic mapping {unknown}
Potions
 b - a potion of magic
 d - a potion of lignification {unknown}
 e - a potion of attraction {unknown}
 g - 2 potions of brilliance {unknown}
 h - a potion of heal wounds {unknown}

Dungeon Overview and Level Annotations

Branches:
Dungeon (2/15)

Altars:

Shops:
D:1

? #o# #.#
#)#######
#.......##
#.##.....########
#.............).#
####.....######.#
##>..#######<##
##...>.oo@...#
##########..#
#..# #.... #.....
#######


You could see 2 orcs.


Message History

Confirm with . or Enter, or press ? or * to list all spells.
Flames lash the orc.
You kill the orc!
The orc closely misses you. The orc attacks as you move away!
The orc hits you with a +0 hand axe. The orc hits you with a +0 hand axe.
* * * LOW HITPOINT WARNING * * *
Casting: Scorch (safe; 5% risk of failure)
Confirm with . or Enter, or press ? or * to list all spells.
You conjure some foxfire!
The orc barely misses you. The orc barely misses your foxfire.
The foxfire hits the orc but does no damage.
The orc is heavily wounded.
The foxfire hits the orc.
You kill the orc!
The orc attacks as you move away! The orc hits you with a +0 hand axe.
* * * LOW HITPOINT WARNING * * *
The orc hits you with a +0 hand axe.
* * * LOW HITPOINT WARNING * * *
Okay, then.
The orc attacks as you move away! The orc barely misses you.
The orc hits you with a +0 hand axe.
* * * LOW HITPOINT WARNING * * *
There is a stone staircase leading down here.
Casting: Foxfire (safe; 7% risk of failure)
Confirm with . or Enter, or press ? or * to list all spells.
You don't have enough magic to cast this spell.
The orc misses you. The orc attacks as you move away!
The orc hits you with a +0 hand axe.
You die...

Skill      XL: |  1  2 |
---------------+-------+-----
Fire Magic     | 4 |  4.2
Dodging        | |  1.5
Stealth        | |  3.0
Spellcasting   | |  2.0
Conjurations   | |  1.0

Action                   || total
-------------------------++-------
Melee: Unarmed           ||     4
 Cast: Foxfire           ||    71
       Scorch            ||     3
Dodge: Dodged            ||    11

Levels and vault maps discovered:
D:1:      dpeg_arrival_arbitrary_a, layout_basic, serial_shops,
          nicolae_square_shop
D:2:      layout_loops_ring, shapermc_ecumenical_altar_starsandcircs,
          minmay_tetromino_i4

Notes
Turn   | Place    | Note
-------+----------+-------------------------------------------
     0 | D:1      | quinnr the Naga Fire Elementalist began the quest for the
                  | Orb.
     0 | D:1      | Reached XP level 1. HP: 15/15 MP: 3/3
   406 | D:1      | Reached XP level 2. HP: 22/22 MP: 0/5
  1230 | D:1      | Reached skill level 4 in Fire Magic
  1511 | D:1      | Found Zymi's Magic Scroll Shop.
  1622 | D:2      | Reached XP level 3. HP: 28/28 MP: 2/6
  1622 | D:2      | Upgraded the game from 0.30-a0-364-gf6b3ef1049 to
                  | 0.30-a0-368-g86fb4627a9
  1695 | D:2      | Learned a level 2 spell: Scorch
  1725 | D:2      | Slain by an orc

Vanquished Creatures
  A dart slug (D:1)
  3 orcs (D:2)
  4 bats (D:1)
  2 endoplasms (D:1)
  A giant cockroach (D:1)
  2 kobolds
  3 ball pythons (D:1)
  5 frilled lizards (D:1)
  A goblin (D:1)
  2 rats (D:1)
24 creatures vanquished.

Vanquished Creatures (others)
  112 foxfires
112 creatures vanquished.

Grand Total: 136 creatures vanquished

Table legend: (Time is in decaauts)
 A = Elapsed time spent in this place.
 B = Non-inter-level travel time spent in this place.
 C = Inter-level travel time spent in this place.
 D = Time resting spent in this place.
 E = Time spent auto-exploring this place.
 F = Levels seen in this place.
 G = Mean time per level.
                   A        B        C        D        E       F      G
               +--------+--------+--------+--------+--------+-----+--------+
         Total |   2046 |   2039 |      7 |      0 |   1820 |   2 | 1023.0 |
       Dungeon |   2046 |   2039 |      7 |      0 |   1820 |   2 | 1023.0 |
               +--------+--------+--------+--------+--------+-----+--------+

Top non-repeatable levels by time:
     D:1: 1907 daAuts
     D:2: 138 daAuts

Table legend:
 A = Non-vault XP
 B = Vault XP
 C = Vault XP percentage of total XP
 D = Non-vault monster count
 E = Vault monster count
 F = Vault count percentage of total count
                 A         B        C        D         E       F
            +---------+---------+-------+---------+---------+-------
      Total |      43 |       0 |   0.0 |      24 |       0 |   0.0
            +---------+---------+-------+---------+---------+-------
        D:1 |      32 |       0 |   0.0 |      20 |       0 |   0.0
        D:2 |      11 |       0 |   0.0 |       4 |       0 |   0.0
            +---------+---------+-------+---------+---------+-------
